Arrhythmia, chaotic female vampiric Convict ------------ --------------- ----- |..........| |.............| ---------- |.>..##[######-%.%.......| |.............| |.......[| |..#| ###|%%.........###############..............| |...)....| |...| ### -.--.--|---- |.............| |....[....########----- ### #### # |.............| |....<.%.| ############ ## ### --------------- ---------- ### #### # # # # ### #### ## ### # #---------.-----######## ------- #|.............| |..%...#############|.............| |.....| |.............| |*....| |..........&@.| |.....| |.......&...{.| ------- --------------- Arrhythmia the Jail-bird Experience level: 6 Strength: 13 Dexterity: 13 Constitution: 20 Intelligence: 12 Wisdom: 11 Charisma: 6 Health: 0(57) Energy: 38(38) AC: 4 Gold: 915 Moves: 2148 Your Inventory: Coins $ - 915 gold pieces Armor b - a cursed +0 striped shirt (being worn) f - a cursed +0 iron skull cap [orcish helm] (being worn) g - an [uncursed] +1 scale mail (being worn) l - a cursed -1 pair of fencing gloves [gauntlets of fumbling] (being worn) p - an [uncursed] +0 hooded cloak [dwarvish] (being worn) Scrolls i - a [blessed] scroll labeled ANDOVA BEGARIN [of identify] m - an [uncursed] scroll labeled ANDOVA BEGARIN [of identify] o - an [uncursed] scroll labeled MAPIRO MAHAMA DIROMAT [of flood] x - an [uncursed] scroll labeled ETAOIN SHRDLU [of light] Potions n - an [uncursed] puce potion [of full healing] Rings c - a [cursed -2] twisted ring [of increase damage] h - a [blessed +1] topaz ring [of gain strength] j - an [uncursed] wooden ring [of stealth] Wands k - an [uncursed] silver wand [of digging (0:8)] Tools v - a [cursed] credit card w - a [cursed] expensive camera [0:92] Iron balls d - an [uncursed] heavy iron ball (chained to you) (weapon in hand) Spells known in the end: Name Level Category Fail Memory Your skills at the end: Fighting Skills Weapon Skills sling [Basic / Skilled] Spellcasting Skills Final Attributes: You were devoutly aligned. Hunger level was 645. Your alignment was 19 / 20. Monster difficulty range was 1 - 6. Level difficulty was 6. You were immune to level-drain. You were immune to sickness. You were punished. You fumbled. You could fly. You could survive without air. You regenerated. Your luck was zero. You are dead. Vanquished creatures: a ghost a jaguar a gnome mummy a fog cloud 2 shriekers 2 gnome lords a kobold mummy a little dog a kitten a dwarf a giant bat 2 iguanas 2 hobbits a large kobold a hobgoblin 3 cave spiders a green mold a gecko 5 jackals a fox 2 goblins a sewer rat 4 grid bugs a lichen 2 newts 40 creatures vanquished. Voluntary challenges: You never hit with a wielded weapon. You read items or engraved 124 times. You put on armor 6 times. You never genocided any monsters. You never polymorphed an object. You never changed form. You used no wishes. You wrote Elbereth's name 46 times. You encountered 1 bones level. You never used any Sokoban shortcuts. Dungeon overview: The Dungeons of Doom: levels 1 to 6 Level 1 a long staircase Level 3 a delicatessen Level 4 stairs to The Gnomish Mines Level 6 <- You were here a fountain, a sink The Gnomish Mines: Level 5 stairs to The Dungeons of Doom History has recorded: On T:1 you entered the Dungeons of Doom to retrieve the Amulet of Yendor! On T:254 you reached level 2 of The Dungeons of Doom. On T:295 you advanced to experience level 2. On T:350 you reached level 3 of The Dungeons of Doom. On T:402 you advanced to experience level 3. On T:460 you advanced to experience level 4. On T:916 you advanced to experience level 5. On T:1049 you reached level 4 of The Dungeons of Doom. On T:1314 you reached level 1 of The Gnomish Mines. On T:1466 you reached level 5 of The Dungeons of Doom. On T:1622 you advanced to experience level 6. On T:1638 you reached level 6 of The Dungeons of Doom. Latest messages: [HP-7=29] You miss the water demon. You bite the water demon. The water demon hits! (2x) The water demon bites! [HP-7=22] You miss the water demon. (2x) The water demon hits! (2x) The water demon bites! [HP-5=17] You miss the water demon. (2x) The water demon hits! (2x) The water demon bites! [HP-5=12] You miss the water demon. (2x) The water demon hits! (2x) The water demon bites! [HP-6=6] You miss the water demon. You bite the water demon. The water demon hits! (2x) The water demon bites! You die... Final status: Goodbye Arrhythmia the Convict... You died in The Dungeons of Doom on dungeon level 6 with 3290 points, and 915 pieces of gold, after 2148 moves. You were level 6 with a maximum of 57 hit points when you died.